Cogmind - Beta 10.2 @@@ ROGUE MODE // 2020.11.13 @ 17:46:34 Player: Flufflewump Result: Destroyed by G-47 Trooper with Particle Gun Performance ------------- Evolutions (0) 0 Regions Visited (1) 200 Robots Destroyed (14) 70 Value Destroyed (270) 270 Prototype IDs (3) 60 Alien Tech Used (0) 0 Bonus (0) 0 TOTAL SCORE: 600 Bonus ------- None Cogmind --------- Core Integrity 0/250 Matter 199/300 Energy 125/125 System Corruption 0% Temperature Cool (112) Movement Walking (150) Ox1 Location -10/Materials Parts ------- > --- POWER (1) -------- Light Ion Engine > --- PROPULSION (2) --- Aluminum Leg Aluminum Leg > --- UTILITY (2) ------ Large Storage Unit > --- WEAPON (2) ------- Hammer > --- INVENTORY (10) --- Wheel Medium Storage Unit Sensor Array Seismic Analyzer Grenade Launcher Peak State ------------ > --- POWER ------------ Ion Engine > --- PROPULSION ------- Aluminum Leg Aluminum Leg > --- UTILITY ---------- Large Storage Unit Terrain Scanner > --- WEAPON ----------- Beam Cannon Beam Cannon > --- INVENTORY -------- Light Ion Engine Aluminum Leg Aluminum Leg Wheel Wheel Medium Storage Unit Seismic Analyzer Small Laser Grenade Launcher Hammer [Rating: 8] Favorites ----------- Power Ion Engine Engine Ion Engine Propulsion Aluminum Leg Leg Aluminum Leg Utility Large Storage Unit Device Terrain Scanner Storage Large Storage Unit Weapon Small Laser Energy Gun Small Laser Energy Cannon Beam Cannon Impact Weapon Hammer Build | -11 -10 ------- Run | Scr Mat Slots Evolved . | . . Power . | . . Propulsion . | . . Utility . | . . Weapon . | . . Parts Attached 18 | . 18 Power 4 | . 4 Engine 4 | . 4 Core . | . . Reactor . | . . Propulsion 3 | . 3 Treads . | . . Leg 3 | . 3 Wheel . | . . Hover . | . . Flight . | . . Utility 3 | . 3 Device 2 | . 2 Storage 1 | . 1 Processor . | . . Hackware . | . . Protection . | . . Artifact . | . . Weapon 8 | . 8 Energy Gun 5 | . 5 Energy Cannon 2 | . 2 Ballistic Gun . | . . Ballistic Cannon . | . . Launcher . | . . Special Weapon . | . . Impact Weapon 1 | . 1 Slashing Weapon . | . . Piercing Weapon . | . . Special Melee Weapon . | . . Unidentified Prototypes . | . . Parts Lost 9 | . 9 Power 2 | . 2 Propulsion 1 | . 1 Utility 1 | . 1 Weapon 5 | . 5 Highest Loss Streak 6 | . 6 Average Slot Usage (%) 93 | . 93 Engine 14 | . 14 Leg 28 | . 28 Device 8 | . 8 Storage 14 | . 14 Energy Gun 17 | . 17 Energy Cannon 8 | . 8 Naked Turns . | . . Heaviest Build 28 | 10 28 Greatest Support 20 | 20 20 Greatest Overweight (x) 2 | . 2 Average Overweight (x) . | . . Largest Inventory Capacity 10 | . 10 Average Capacity 8 | . 8 Most Carried 10 | . 10 Average Carried 7 | . 7 Final Capacity 10 | 6 10 Final Carried 6 | 6 5 Class Distribution -------------------- 54% | Mutant 45% | Scavenger-Mutant Dominant Class ---------------- Mutant | -10/Materials Resources | -11 -10 ----------- Run | Scr Mat Matter Collected 336 | 200 136 Remotely . | . . Salvage Created 446 | . 446 Parts 33 | . 33 Haulers Intercepted 1 | . 1 Recyclers Shooed . | . . Parts Field Recycled . | . . Retrieved Matter . | . . Parts Self-Destructed . | . . Prevented . | . . Kills | -11 -10 ------- Run | Scr Mat Combat Hostiles Destroyed 8 | . 8 Guns 5 | . 5 Cannons 3 | . 3 Classes Destroyed 7 | . 7 Worker 1 | . 1 Hauler 1 | . 1 Recycler 1 | . 1 Operator 1 | . 1 Watcher 2 | . 2 Swarmer 3 | . 3 Grunt 5 | . 5 Best Kill Streak 4 | . 4 Combat Bots Only 4 | . 4 Max Kills in Single Turn 1 | . 1 Gunslinging . | . . Exploded . | . . Melee . | . . Uniques/NPCs Destroyed . | . . Combat | -11 -10 -------- Run | Scr Mat Damage Taken 1052 | . 1052 Core 254 | . 254 Absorbed by Shields . | . . Core Remaining (%) 100 | 100 . Volleys Fired 38 | . 38 Largest 2 | . 2 Hottest 120 | . 120 Shots Fired 71 | . 71 Gun 47 | . 47 Cannon 24 | . 24 Launcher . | . . Special . | . . Kinetic . | . . Thermal 53 | . 53 Explosive . | . . Electromagnetic 18 | . 18 Robot Hit Streak 10 | . 10 Robot Miss Streak 3 | . 3 Penetration Max . | . . Secondary Targets . | . . Shots Hit Robots 51 | . 51 Core Hits 17 | . 17 Critical Hits . | . . Critical Kills . | . . Critical Parts Destroyed . | . . Melee Attacks 6 | . 6 Impact 6 | . 6 Slashing . | . . Piercing . | . . Sneak Attacks . | . . Combat Hostiles . | . . Follow-up Attacks . | . . Damage Inflicted 693 | . 693 Guns 378 | . 378 Cannons 229 | . 229 Explosions . | . . Melee 86 | . 86 Ramming . | . . Kinetic . | . . Thermal 407 | . 407 Explosive . | . . Electromagnetic 200 | . 200 Impact 86 | . 86 Slashing . | . . Piercing . | . . Highest Corruption . | . . Average Corruption . | . . Corruption Purged . | . . Overload Shots . | . . Overflow Damage . | . . Projectiles . | . . Explosions . | . . Melee . | . . Knockbacks 1 | . 1 Impact 1 | . 1 Kinetic . | . . Secondary . | . . Self-Inflicted Damage . | . . Shots . | . . Rammed . | . . Targets Rammed . | . . Kicked . | . . Crushed . | . . Highest Temperature 429 | . 429 Average Temperature 146 | . 146 Received Heat Transfer 417 | . 417 Effects 4 | . 4 Shutdowns 1 | . 1 Energy Bleed 1 | . 1 Matter Decay 2 | . 2 Siege Activations . | . . Robots Corrupted . | . . Combat Hostiles . | . . Parts Fried . | . . Impact Corruptions . | . . Robots Melted . | . . Combat Hostiles . | . . Parts Melted 3 | . 3 Heat Transferred 881 | . 881 Parts Sabotaged . | . . Parts Stolen . | . . Parts Stripped . | . . Power Chain Reactions . | . . Missiles Intercepted . | . . Alert | -11 -10 ------- Run | Scr Mat Peak Influence 149 | . 149 Initial . | . . Average 73 | . 73 Maximum Alert Level . | . . Low Security (%) 100 | . 100 Level 1 . | . . Level 2 . | . . Level 3 . | . . Level 4 . | . . Level 5 . | . . High Security . | . . Max Security . | . . Squads Dispatched 3 | . 3 Investigation 2 | . 2 Extermination . | . . Reinforcement 1 | . 1 Assault . | . . Garrison . | . . Intercept . | . . Construction Impeded . | . . Haulers Reinforced . | . . Stealth | -11 -10 --------- Run | Scr Mat Distress Signals 2 | . 2 Communications Jammed . | . . Distress Signals . | . . Times Spotted 21 | . 21 Peak Tracking Total 6 | . 6 Tactical Retreats 2 | . 2 Traps | -11 -10 ------- Run | Scr Mat Traps Triggered 1 | . 1 Indirectly . | . . Trap Hack Attempts . | . . Triggered . | . . Disarmed . | . . Reprogrammed . | . . Reused . | . . Traps Extracted . | . . Installed . | . . Triggered . | . . Machines | -11 -10 ---------- Run | Scr Mat Machines Disabled . | . . Max in Single Turn . | . . Machines Sabotaged . | . . Garrisons Compromised . | . . Overloaded Fab Kills . | . . Fab Network Shutdowns . | . . Hacking | -11 -10 --------- Run | Scr Mat Machines Accessed 3 | . 3 Terminals 3 | . 3 Fabricators . | . . Repair Stations . | . . Recycling Units . | . . Scanalyzers . | . . Garrison Access . | . . Total Hacks 16 | . 16 Successful 9 | . 9 Failed 7 | . 7 Catastrophic 2 | . 2 Database Lockouts . | . . Manual 4 | . 4 Terminals 16 | . 16 Fabricators . | . . Repair Stations . | . . Recycling Units . | . . Scanalyzers . | . . Garrison Access . | . . Terminal Hacks 9 | . 9 Record 5 | . 5 Prototype ID Bank 2 | . 2 Emergency Access Points 1 | . 1 Alert Level 1 | . 1 Fabricator Hacks . | . . Repair Station Hacks . | . . Recycling Unit Hacks . | . . Scanalyzer . | . . Garrison Access Hacks . | . . Unauthorized Hacks . | . . Terminals . | . . Fabricators . | . . Repair Stations . | . . Recycling Units . | . . Scanalyzers . | . . Garrison Access . | . . Data Cores Recovered . | . . Used . | . . Hacking Detections 3 | . 3 Full Trace Events 2 | . 2 Feedback Events . | . . Feedback Blocked . | . . Robot Schematics Acquired . | . . Robots Built . | . . Matter . | . . Time . | . . Total Robot Build Rating . | . . Part Schematics Acquired . | . . Parts Built . | . . Matter . | . . Time . | . . Total Part Build Rating . | . . Parts Repaired . | . . Time . | . . Parts Recycled . | . . Recycled Matter . | . . Retrieved Matter . | . . Retrieved Components . | . . Parts Scanalyzed . | . . Part Schematics Acquired . | . . Parts Damaged . | . . Bothacking | -11 -10 ------------ Run | Scr Mat Used RIF Installer . | . . Robots Hacked . | . . Non-combat . | . . Combat . | . . Robot Hacks Applied . | . . Relay Couplers Released . | . . Robots Rewired . | . . Allies Hacked . | . . Hacks Repelled . | . . Allies | -11 -10 -------- Run | Scr Mat Total Allies . | . . Largest Group . | . . Highest-Rated Group . | . . Highest-Rated Ally . | . . Total Orders . | . . Ally Attacks . | . . Total Damage . | . . Kills . | . . Allies Corrupted . | . . Allies Melted . | . . Intel | -11 -10 ------- Run | Scr Mat Robot Analysis Total . | . . Derelict Logs Recovered . | . . Drone Launches . | . . Drone Recoveries . | . . Exploration | -11 -10 ------------- Run | Scr Mat Turns Passed 609 | . 609 Spaces Moved 314 | 1 313 Core . | . . Treads . | . . Legs 314 | 1 313 Wheels . | . . Hover . | . . Flight . | . . Fastest Speed 120 | 120 120 Average Speed 138 | 120 138 Slowest Speed 180 | 120 180 Overloaded Moves . | . . Propulsion Burnouts . | . . Robots Hopped . | . . Cave-ins Triggered . | . . Exploration Rate (%) 26 | 2 50 Regions Visited 1 Branch Regions . Pre-discovered Areas . | . . Known Exits Taken . | . . Unknown Exits Taken 1 | 1 . Scrap Searched . | . . Spaces Dug . | . . Terrain Destroyed . | . . Melee . | . . Projectile . | . . AOE . | . . Terrain Rammed . | . . Walls Destroyed . | . . Machines Disabled . | . . Actions | -11 -10 --------- Run | Scr Mat Total 410 | . 410 Wait 15 | . 15 Move 313 | . 313 Hop . | . . Pick Up 7 | . 7 Fast Attach 4 | . 4 Attach 7 | . 7 Detach 3 | . 3 Swap 7 | . 7 Drop 10 | . 10 Fire 38 | . 38 Melee 6 | . 6 Ram . | . . Kick . | . . Crush . | . . Escape Stasis . | . . Rewire . | . . Trap . | . . Miscellaneous . | . . Route ------- -11/Scrapyard -10/Materials History --------- Turn | Location | Event 1 | -11/Scrapyard | Discovered new exit (range 0) 1 | -11/Scrapyard | Entered Materials 195 | -10/Materials | Lost 3 parts (1p2w) 578 | -10/Materials | Core integrity fell below 50% 600 | -10/Materials | Core integrity fell below 20% 610 | -10/Materials | Destroyed by G-47 Trooper with Particle Gun Last Messages --------------- 00543_ O-16 Technician destroyed. 00548_ Triggered Alarm Trap. 00548_ An alarm sounds. 00548_ ALERT: Alarm triggered, dispatching investigation squad. 00549_ Dropped Wheel. 00550_ Dropped Aluminum Leg. 00550_ Acquired Sensor Array. 00568_ G-47 Trooper destroyed. 00573_ Beam Cannon destroyed. 00576_ Overheating: Matter decay (-40). 00578_ G-34 Mercenary destroyed. 00579_ Beam Cannon destroyed. 00582_ Power failure, Ion Engine shutdown. 00583_ Ion Engine destroyed. 00587_ Overheating: Matter decay (-57). 00590_ Sml. Laser destroyed. 00592_ G-34 Mercenary knocked back. 00600_ Aluminum Leg destroyed. 00601_ Acquired 11 matter. 00605_ Terrain Scanner destroyed. Map ----- +----------------------------------------------------+ | # """ T # # """ """ #?????#??#??????????? | | # """ " #" %]|+ """ """ #?#?????????????????? | | # """ #T ]| # #?????#?????????????? | | # #" ]| # #?????#?????????????? | | + # ####+########???????????????????? | | # ####+#### # ! #???????????????????? | | #####+####### ### # ##??????????????????? | | ?#?# + #???? ??????????????? | | #### ### ### # #???#???????????????? | | #######?# # ! #????? "????????????? | | #### ##+####????### ########?? ????????????????? | | ???# # #??#???##+#######? ??????????????????? | | #### # #??????# #??? ????????????????? | | # # #?#??#?# #????????????????????? | | # # #??##?## #? ??###?????????????? | | # # # ? ???# * #????????????????????? | | # # #????? # #? ??#???????????????? | | + + #? ? ??# #??? #???????????????? | | # # # ?????# #?? #??#????????????? | | #### # #? ???# ==[ #? ##??????????????? | | ## ######??? ?# !=g! ## #######?????????? | | # ########## ######/### a ???????? | | # % g % %% ???????? | | + T =% ###????????????? | | " # % T ""#????????????? | | " # # ##########@ T"#????????????? | | " ## ##! !#??????#?# ""#????????????? | | ## ##! !#????????# ###? ??????????? | | #### ###!!!!##????#??"" #??????????????? | | ???# #?######????#????T #??????????????? | | ??## %#??????????????#?" #??????????????? | | ???# !##????#?????##??## ?????????????? | | #### !#???????#??????#?# k ???????????? | | =# #????????????????# """" """" ???????????? | | #[ #????????????????+u """" """"????????????? | | *#%! ##???????????????? """" ""??????????????? | | % + * #????????????????? ????? ??????????????? | | =#% =#??#?????????????? ????? ??????????????? | | "" # = #????????????????? ?????????????????????? | | "" # ########?????????? ?????????????????????? | | "" # # #?????????? ?????????????????????? | | #### # """ #??????????????????????????????????? | | ?#?# # """ #??????????????????????????????????? | | ???# + """ #??????????????????????????????????? | | ???# ^# #??????????????????????????????????? | | ???# # #??????????????????????????????????? | | ???# ########??????????????????????????????????? | | ???# #?????????????????????????????????????????? | | ???# #?????????????????????????????????????????? | | ???# #?????????????????????????????????????????? | +----------------------------------------------------+ Best States ------------- Heat Dissipation 25 Energy Generation 10 Energy Capacity 250 Matter Stores 300 Matter Capacity 300 Sight Range 16 Terrain Scan Range 14 Terrain Scan Density 10 Evasion (%) 40 Item Schematics ----------------- None Robot Schematics ------------------ None Fabricated ------------ Nothing Alien Tech Used ----------------- None Achievements -------------- None Challenges ------------ None Game ------ Seed ExplosiveMiningTrap Manual? 0 Play Time 00:08:56 Cumulative 9.6 hours Start 2020.11.13 @ 17:38:52 End 2020.11.13 @ 17:46:34 Sessions 1 Manual Loads 0 Difficulty Rogue Special Mode None Game No. 10 Rogue 10 Adventurer 0 Explorer 0 Win Type - Total 0 Types 0/0/0/0/0/0/0/0/0 Lore% 9 Gallery% 23 Achievement% 17 Wizard Run 0 Options --------- ASCII 0 Keyboard 1 Movement Numpad Keybinds 1 Fullscreen 2 Font 14/SmallcapsGlow Map View 84x54 Tactical HUD 1 Map Filters NONE Filters NONE Steam 1 RUN: f381aade-4797-4c47-939c-b3171d882e74